 Dungeon Crawl Stone Soup version 0.18.1-6-gd335043 (webtiles) character file.

111 Moloch the Ruffian (level 4, 0/38 HPs)
             Began as a Draconian Fighter on May 19, 2016.
             Was an Initiate of Okawaru.
             Slain by oplop's ghost (13 damage)
             ... on level 3 of the Dungeon.
             The game lasted 00:02:43 (2151 turns).

Moloch the Ruffian (Draconian Fighter)              Turns: 2151, Time: 00:02:43

Health: 0/38       AC:  5    Str: 18    XL:     4   Next: 62%
Magic:  4/4        EV: 10    Int:  8    God:    Okawaru [......]
Gold:   128        SH:  9    Dex: 12    Spells: 0 memorised, 3 levels left

rFire  . . .     SeeInvis .       - Unarmed
rCold  . . .     Gourm    .     (armour unavailable)
rNeg   . . .     Faith    .     a - +0 shield
rPois  .         Spirit   .     (helmet restricted)
rElec  .         Dismiss  .     (no cloak)
rCorr  .         Reflect  .     (no gloves)
SustAt .         Harm     .     (no boots)
MR     .....                    m - amulet of regeneration
Stlth  ++........               o - ring of flight
                                j - ring of stealth

@: not resistant to hostile enchantments, unstealthy
A: unfitting armour, cold-blooded, AC +5
a: Renounce Religion, Evoke Flight


You were on level 3 of the Dungeon.
You worshipped Okawaru.
Okawaru was noncommittal.
You were not hungry.

You visited 1 branch of the dungeon, and saw 3 of its levels.

You collected 128 gold pieces.

Inventory:

Armour
 a - a +0 shield (worn)
Jewellery
 j - a ring of stealth (left hand)
 m - an amulet of regeneration (around neck)
 o - a ring of flight (right hand)
Scrolls
 d - 2 scrolls of blinking {unknown}
 i - 3 scrolls of identify {unknown}
 k - 2 scrolls of remove curse {unknown}
 l - a scroll of enchant armour {unknown}
 q - a scroll of fear {unknown}
 t - a scroll of enchant weapon {unknown}
Potions
 b - 2 potions of might
 e - a potion of curing {unknown}
 h - a potion of flight {unknown}
 n - a potion of haste {unknown}
 s - a potion of degeneration {unknown}
Comestibles
 c - 3 bread rations
 f - a slice of pizza
 g - 2 beef jerkies
 p - 2 meat rations
 r - a chunk of flesh


   Skills:
 - Level 3.2 Fighting
 - Level 2.6 Dodging
 - Level 3.0 Shields
 + Level 4.9 Unarmed Combat


You had 3 spell levels left.
You didn't know any spells.

Dungeon Overview and Level Annotations

Branches:
Dungeon (3/15)

Altars:
Fedhas
Okawaru
Vehumet

Annotations:
D:3 oplop's ghost, novice DDFi


Innate Abilities, Weirdness & Mutations

Your plain brown scales are hard (AC +5).
Your body does not fit into most forms of armour.
You are cold-blooded and may be slowed by cold attacks.


Message History

You hit oplop's ghost.
Your tail-slap misses oplop's ghost.
Oplop's ghost is lightly damaged.
Oplop's ghost hits you!!
You hit oplop's ghost but do no damage.
Oplop's ghost is lightly damaged.
Oplop's ghost hits you. You block the bat's attack.
You punch oplop's ghost!
Oplop's ghost is lightly damaged.
The bat closely misses you. You block the goblin's attack.
Oplop's ghost hits you.
You closely miss oplop's ghost.
Oplop's ghost is lightly damaged.
The goblin barely misses you. You block oplop's ghost's attack.
The bat completely misses you.
Your shield prevents you from hitting oplop's ghost.
You tail-slap oplop's ghost.
Oplop's ghost is lightly damaged.
The bat closely misses you. The goblin closely misses you.
Oplop's ghost hits you!
You die...

.....>....# #....#
#######.### ._....♣
#.#### # #.###
%.....♣ #.# # #...#
...%.. #.# # ###.#
..... ### # #.# ...♣
# #.# ♣♣...♣♣ #
#.#♣♣♣♣♣Wgb..♣♣♣ #
#.##....@......# #
#.####.......#.# #
##.#####.....##
########...........##
>.........#####.#$##
#########.# #.#.<.
#### #.# #.#####
#..... #.# #.#
...§÷§....# #.#


You could see oplop's ghost, a goblin and a bat.

Vanquished Creatures
  Robin (D:2)
  3 adders (D:2)
  2 oozes (D:2)
  2 worms (D:2)
  A dart slug (D:1)
  6 bats
  5 giant cockroaches
  14 goblins
  4 hobgoblins
  3 jackals
  A ball python (D:2)
  8 giant newts
  5 kobolds
  A rat (D:2)
56 creatures vanquished.

Vanquished Creatures (others)
  2 jackals (D:3)
  A bat (D:3)
  A kobold (D:3)
4 creatures vanquished.

Grand Total: 60 creatures vanquished

Notes
Turn   | Place    | Note
--------------------------------------------------------------
     0 | D:1      | Moloch the Draconian Fighter began the quest for the Orb.
     0 | D:1      | Reached XP level 1. HP: 19/19 MP: 1/1
    41 | D:1      | Reached XP level 2. HP: 18/26 MP: 2/2
   155 | D:1      | Reached skill level 3 in Unarmed Combat
   573 | D:2      | Reached XP level 3. HP: 23/31 MP: 3/3
   754 | D:2      | Noticed Robin
   793 | D:2      | Killed Robin
   793 | D:2      | Reached skill level 4 in Unarmed Combat
   895 | D:2      | Reached XP level 4. HP: 28/38 MP: 4/4
  1381 | D:2      | Found an iron altar of Okawaru.
  1469 | D:2      | Became a worshipper of Warmaster Okawaru
  1992 | D:3      | Found a radiant altar of Vehumet.
  2143 | D:3      | Noticed oplop's ghost (novice DDFi)
  2146 | D:3      | Found a blossoming altar of Fedhas.
  2151 | D:3      | Slain by oplop's ghost

Skill      XL: |  1  2  3 |
---------------+----------+-----
Unarmed Combat | 3 4 |  4.9
Fighting       | |  3.2
Dodging        | |  2.6
Shields        | |  3.0

Action                   |  1- 3 |  4- 6 || total
-------------------------+-------+-------++-------
Melee: Unarmed           |   140 |    74 ||   214
       Tailslap          |    17 |     6 ||    23
 Stab: Distracted        |     1 |       ||     1
  Eat: Chunk             |       |     4 ||     4
Armor: Skin              |    44 |    19 ||    63
Dodge: Dodged            |    56 |    35 ||    91
Block: Shield            |    50 |    42 ||    92
